 Dungeon Crawl Stone Soup version 0.21-a0-91-ga5031da (webtiles) character file.

95 MackTheKnife the Poker (level 4, -1/33 HPs)
             Began as a Merfolk Gladiator on June 29, 2017.
             Killed from afar by an orc wizard (8 damage)
             ... with a puff of flame
             ... on level 2 of the Dungeon.
             The game lasted 00:02:25 (2226 turns).

MackTheKnife the Poker (Merfolk Gladiator)          Turns: 2226, Time: 00:02:26

Health: -1/33      AC:  4    Str: 13 (15) XL:     4   Next: 66%
Magic:  4/4        EV: 13    Int:  5 (7)  God:
Gold:   69         SH:  0    Dex: 12 (15) Spells: 3/3 levels left

rFire    . . .     SeeInvis .   a - +0 trident
rCold    . . .     Gourm    .   (no shield)
rNeg     . . .     Faith    .   b - +0 leather armour
rPois    .         Spirit   .   c - +0 helmet
rElec    .         Reflect  .   (no cloak)
rCorr    .         Harm     .   (no gloves)
MR       .....                  (no boots)
Stlth    +.........             (no amulet)
HPRegen  0.11/turn              (no ring)
MPRegen  0.09/turn              (no ring)

@: no status effects
A: change form in water, swift swim, stealthy swim
a: no special abilities


You were on level 2 of the Dungeon.
You were very hungry.

You visited 1 branch of the dungeon, and saw 3 of its levels.

You collected 69 gold pieces.

Inventory:

Hand Weapons
 a - a +0 trident (weapon)
Missiles
 d - 3 throwing nets {=f, !d}
Armour
 b - a +0 leather armour (worn)
 c - a +0 helmet (worn)
Jewellery
 p - an uncursed ring of ice {unknown}
   (You found it on level 3 of the Dungeon)
Scrolls
 e - a scroll of fear {unknown}
 h - 2 scrolls of amnesia {unknown}
 i - a scroll of identify {unknown}
 j - a scroll of enchant weapon {unknown}
 k - a scroll of recharging {unknown}
 l - a scroll of blinking {unknown}
 m - a scroll of noise {unknown}
 n - a scroll of immolation {unknown}
 q - a scroll of magic mapping {unknown}
Comestibles
 f - 2 bread rations {@e1}
 g - a meat ration {@e2}


   Skills:
 - Level 2.1 Fighting
 + Level 7.6 Polearms
 - Level 2.0 Throwing
 - Level 4.0 Dodging


You had 3 spell levels left.
You didn't know any spells.

Dungeon Overview and Level Annotations

Branches:
Dungeon (3/15)

Altars:
Kikubaaqudgha

Annotations:
D:3 Grinder; MackTheKnife's ghost, amateur GrGl; Purgy


Message History

(D) Dungeon
Where to? (Enter - D:2 @ (x,y), ? - help)
There is a stone staircase leading down here.
You climb downwards.
Level annotation: Grinder; MackTheKnife's ghost, amateur GrGl; Purgy
There is a stone staircase leading up, spattered with blood here.
A worm comes into view.
You are feeling very hungry.
Attack whom?
Aim: a worm You reach to attack!
You hit the worm. You puncture the worm! The worm misses you.
You hit the worm. You barely miss the worm. The worm barely misses you.
You barely miss the worm. The worm bites you.
You take 6 damage, and have 27/33 hp.
You barely miss the worm. You puncture the worm!
You kill the worm!
No target in view!
No target in view!
Found a faded altar of an unknown god.
The bat is too close now for your liking.
The bat misses you.
The orc shouts!
You puncture the bat!
You kill the bat! 2 orcs come into view.
The orc shouts! x2
You hit the orc. The orc misses you.
An orc wizard comes into view. It is wielding a dagger.
You hit the orc but do no damage. You barely miss the orc.
The orc hits you with a dagger. The orc barely misses you.
An orc comes into view. It is wielding a club.
You take 1 damage, and have 28/33 hp.
You closely miss the orc. The orc barely misses you. The orc misses you.
The orc hits you with a hand axe.
You take 4 damage, and have 24/33 hp.
You hit the orc.
You kill the orc!
The orc wizard looks braver for a moment.
The orc hits you with a flail.
You take 1 damage, and have 23/33 hp.
There is a stone staircase leading up, spattered with blood here.
You barely miss the orc. You puncture the orc!
You kill the orc!
The orc wizard mumbles some strange words.
The orc wizard seems to speed up.
You barely miss the orc.
The orc wizard gestures wildly while chanting.
The orc wizard flickers and vanishes!
Deactivating autopickup; reactivate with Ctrl-A.
The orc hits you with a flail.
You take 1 damage, and have 24/33 hp.
You hit the orc. You hit the orc.
You kill the orc!
Something hits you but does no damage.
You barely miss something. Something hits you but does no damage.
Attack whom?
Aim: an orc, wielding a club and wearing a ring mail You reach to attack!
You barely miss the orc. Something hits you but does no damage.
You hit the orc. Something hits you. The orc hits you but does no damage.
You take 2 damage, and have 22/33 hp.
You hit the orc.
You hear some strange, mumbled words.
A puff of frost appears from out of thin air!
The puff of frost hits you! The orc hits you with a club. Something hits you.
You take 12 damage, and have 10/33 hp.
MASSIVE DAMAGE!!
You hear some strange, mumbled words.
A puff of frost appears from out of thin air!
The puff of frost hits you!
* * * LOW HITPOINT WARNING * * *
The orc closely misses you.
You climb upwards.
There is a stone staircase leading down here.
You take 4 damage, and have 6/33 hp.
Unknown command.
You hit the orc.
You kill the orc!
Something hits you but does no damage. Something hits you but does no damage.
Okay, then.
You aren't carrying any potions.
Unknown command.
Something hits you but does no damage.
You open the door.
You hear some strange, mumbled words.
A puff of flame appears from out of thin air!
The puff of flame misses you. Something hits you but does no damage.
There is an open door here.
You hear some strange, mumbled words.
A puff of flame appears from out of thin air!
The puff of flame hits you!
You die...

..# #.............#
#........# #.#
#.............#
#........### #.#
##......#..#..#
########.#.. ..#
#......+.....# #.##.
### #......###.#.#
##.... #............#
#.....
#......##.#..########
#.....
#......##{#.........#
#...†.
#......##.'@>.......#
#.....
#......####)........#
#..... #......#
#.........# #.....
######## #.........#
#..... #.........#
#..... #.........#
#..).. #.........#
#..... #.........#
#..... #.).......#
#.....


There were no monsters in sight!

Vanquished Creatures
  4 adders
  A worm (D:3)
  A dart slug (D:1)
  4 orcs
  A ball python (D:2)
  4 bats
  3 giant cockroaches
  2 goblins
  9 hobgoblins
  6 jackals
  6 frilled lizards
  5 kobolds
  3 rats
49 creatures vanquished.

Notes
Turn   | Place    | Note
-------+----------+-------------------------------------------
     0 | D:1      | MackTheKnife the Merfolk Gladiator began the quest for the Orb.
     0 | D:1      | Reached XP level 1. HP: 16/16 MP: 1/1
    61 | D:1      | Reached skill level 5 in Polearms
    64 | D:1      | Reached XP level 2. HP: 8/22 MP: 2/2
   888 | D:2      | Reached skill level 6 in Polearms
   888 | D:2      | Reached XP level 3. HP: 27/27 MP: 3/3
  1424 | D:2      | Reached XP level 4. HP: 33/33 MP: 4/4
  1495 | D:3      | Noticed Purgy
  1509 | D:3      | Noticed MackTheKnife's ghost (amateur GrGl)
  1722 | D:3      | Reached skill level 7 in Polearms
  1784 | D:3      | Found an ancient bone altar of Kikubaaqudgha.
  1871 | D:3      | Noticed Grinder
  1872 | D:3      | Paralysed by Grinder for 7 turns
  1891 | D:3      | Paralysed by Grinder for 6 turns
  2181 | D:3      | Found a faded altar of an unknown god.
  2216 | D:3      | HP: 5/33 [something/puff of frost (5)]
  2226 | D:2      | Killed from afar by an orc wizard

Vault maps used:
D:1:      mrwooster_arrival_arrow, serial_co_window_serial, co_window_paths_b,
          co_window_of_opportunity_a, co_window_corner_a, co_window_paths_b,
          co_window_paths_a, co_window_corner_cb, co_window_cross_3,
          co_window_broadway_a, co_window_broadway_b, co_window_unsneaky_path_b,
          glass_columns_c, glass_columns_a, glass_columns_a
D:2:      first_bread
D:3:      kiku_gazebo_garden_becter, chequers_ecumenical_altar_simple_redux,
          uniq_sigmund, uniq_grinder, uniq_purgy

Skill      XL: |  1  2  3  4 |
---------------+-------------+-----
Polearms       | 5 6 7 |  7.6
Fighting       | |  2.1
Throwing       | |  2.0
Dodging        | |  4.0

Action                   |  1- 3 |  4- 6 || total
-------------------------+-------+-------++-------
Melee: Trident           |   113 |    49 ||   162
  Use: Potion            |       |     3 ||     3
 Stab: Sleeping          |     1 |       ||     1
  Eat: Chunk             |     2 |     1 ||     3
Armor: Leather armour    |    27 |    18 ||    45
Dodge: Dodged            |    76 |    51 ||   127

Vault maps used:
D:1:      mrwooster_arrival_arrow, serial_co_window_serial, co_window_paths_b,
          co_window_of_opportunity_a, co_window_corner_a, co_window_paths_b,
          co_window_paths_a, co_window_corner_cb, co_window_cross_3,
          co_window_broadway_a, co_window_broadway_b, co_window_unsneaky_path_b,
          glass_columns_c, glass_columns_a, glass_columns_a
D:2:      first_bread
D:3:      kiku_gazebo_garden_becter, chequers_ecumenical_altar_simple_redux,
          uniq_sigmund, uniq_grinder, uniq_purgy

Table legend:
 A = Turns spent in this place as a percentage of turns spent in the entire game.
 B = Non-inter-level travel turns spent in this place as a percentage of non-inter-level travel turns spent in the entire game.
 C = Inter-level travel turns spent in this place as a percentage of turns spent in this place.
 D = Turns resting spent in this place as a percentage of non-inter-level travel turns spent in this place.
 E = Turns spent auto-exploring this place as a percentage of non-inter-level travel turns spent in this place.
 F = Non-inter-level travel turns spent in this place divided by the number of levels of this place that you've seen.
                   A       B       C       D       E      F
               +-------+-------+-------+-------+-------+----------------------
         Total | 100.0 | 100.0 |   1.1 |   2.9 |  11.2 | 175.3
       Dungeon | 100.0 | 100.0 |   1.1 |   2.9 |  11.2 | 175.3
               +-------+-------+-------+-------+-------+----------------------

Table legend:
 A = Kills in this place as a percentage of kills in entire the game.
 B = Kills by you in this place as a percentage of kills by you in the entire game.
 C = Kills by friends in this place as a percentage of kills by friends in the entire game.
 D = Other kills in this place as a percentage of other kills in the entire game.
 E = Experience gained in this place as a percentage of experience gained in the entire game.
 F = Experience gained in this place divided by the number of levels of this place that you have seen.
                   A       B       C       D       E      F
               +-------+-------+-------+-------+-------+----------------------
         Total | 100.0 | 100.0 |  -nan |  -nan | 100.0 |  45.7
       Dungeon | 100.0 | 100.0 |  -nan |  -nan | 100.0 |  45.7
               +-------+-------+-------+-------+-------+----------------------
